 Dungeon Crawl Stone Soup version 0.13-a0-3008-g2a6619c (webtiles) character file.

362 Misa the Covered (level 5, -7/41 HPs)
             Began as a Djinni Fighter on Sept 9, 2013.
             Mangled by an ogre
             ... wielding a +0,+0 giant spiked club
              (8 damage)
             ... on Level 4 of the Dungeon.
             The game lasted 00:08:06 (2797 turns).

Misa the Covered (Djinni Fighter)                   Turns: 2797, Time: 00:08:06

HP  -7/41        AC 13     Str 17      XL: 5   Next: 23%
MP   0/0         EV  6     Int  8      God:
Gold 195         SH 19     Dex 15      Spells:  0 memorised,  4 levels left

Res.Fire  : + + +   See Invis. : .   s - +1 orc flail (protect)
Res.Cold  : x . .   Warding    : .   b - +0 scale mail
Life Prot.: + + +   Conserve   : .   c - +0 shield
Res.Poison: .       Res.Corr.  : .   (no helmet)
Res.Elec. : .       Clarity    : .   (no cloak)
Sust.Abil.: . .     Spirit.Shd : .   l - +0 pair of gloves
Res.Mut.  : .       Stasis     : .   (boots unavailable)
Res.Rott. : .       Flight     : .   (no amulet)
Saprovore : . . .                    (no ring)
                                     t - +2 ring of dexterity

@: slightly resistant to hostile enchantments, extremely unstealthy
A: fire immunity, cold vulnerability, life protection 3
a: no special abilities


You were on level 4 of the Dungeon.
You were not hungry.

You visited 1 branch of the dungeon, and saw 4 of its levels.

You collected 175 gold pieces.

Inventory:

Hand weapons
 a - a +0,+0 mace
 m - a +0,+0 orcish spear of dragon slaying
 s - a +1,+1 orcish flail of protection (weapon)
Missiles
 f - 2 steel darts (quivered)
Armour
 b - a +0 scale mail (worn)
 c - a +0 shield (worn)
 l - a +0 pair of gloves (worn)
Scrolls
 d - 4 scrolls of identify
 e - 3 scrolls of noise {unknown}
 j - a scroll of enchant armour {unknown}
 k - 2 scrolls of remove curse {unknown}
 n - a scroll of curse weapon {unknown}
 o - a scroll of magic mapping {unknown}
 p - a scroll of teleportation {unknown}
 q - a scroll of curse armour {unknown}
 r - a scroll of amnesia {unknown}
 u - 2 scrolls of fog {unknown}
 w - a scroll of enchant weapon I {unknown}
 x - a scroll of random uselessness {unknown}
Jewellery
 t - a +2 ring of dexterity (left hand)
Potions
 g - 5 potions of curing {unknown}
 h - 2 potions of slowing {unknown}
 i - a potion of might {unknown}
 v - a potion of heal wounds {unknown}


   Skills:
 + Level 3.3 Fighting
 + Level 3.2 Maces & Flails
 + Level 4.6 Armour
 + Level 3.9 Shields


You had 4 spell levels left.
You didn't know any spells.

Dungeon Overview and Level Annotations

Branches:
Dungeon (4/27)
 Temple: D:4-7

Altars:
Ashenzari
Sif Muna
the Shining One

Shops:
D:4 *


Innate Abilities, Weirdness & Mutations

You are immune to all types of fire, even holy and hellish.
You are vulnerable to cold.
You need no food.
You have no legs.
You are immune to negative energy.


Message History

You block the ogre's attack.
You closely miss the ogre.
The ogre is heavily wounded.
The ogre closely misses you.
You hit the ogre.
The ogre is severely wounded.
The ogre hits you with a giant spiked club!
Ouch! That really hurt!
* * * LOW HITPOINT WARNING * * *
Your shield prevents you from hitting the ogre.
The ogre is severely wounded.
You block the ogre's attack.
You hit the ogre.
The ogre is severely wounded.
The ogre hits you with a giant spiked club.
* * * LOW HITPOINT WARNING * * *
You hit the ogre.
The ogre is almost dead.
The ogre hits you with a giant spiked club!
You die...

#.# ##.#.# ..... . #.#.# ...
#.#.## ... ##....## #.#
......# #.# #..O# #.# #@# #
#.# #.# ..# ######.#### #.#
#.# #.........###'## #.#
#.####.##.##...## #.#
#.####.##.#.....## ### #.#
#.#.#..##.>......## ##.###.#
#.....###.........####...##.##
#.......+.........'...........


You could see an ogre.

Vanquished Creatures
  An orc priest (D:3)
  A worker ant (D:4)
  The ghost of 4tharraofdagon the Charmwright, a weakling DrWn (D:4)
  2 adders
  A giant gecko (D:4)
  2 oozes (D:3)
  5 orcs (D:3)
  2 ball pythons (D:1)
  5 bats
  8 giant cockroaches
  12 hobgoblins
  A quokka (D:3)
  2 giant newts
  7 goblins
  A jackal (D:3)
  8 kobolds
  7 rats
66 creatures vanquished.

Notes
Turn   | Place    | Note
--------------------------------------------------------------
     0 | D:1      | Misa, the Djinni Fighter, began the quest for the Orb.
     0 | D:1      | Reached XP level 1. HP: 16/16 MP: 0/0
   117 | D:1      | Reached XP level 2. EP: 22/22
   418 | D:1      | Reached XP level 3. EP: 26/29
   448 | D:1      | Found a glowing golden altar of the Shining One.
   677 | D:2      | Reached skill level 4 in Armour
   709 | D:2      | Found a shattered altar of Ashenzari.
  1139 | D:2      | Found a deep blue altar of Sif Muna.
  1929 | D:3      | Reached XP level 4. EP: 27/35
  2432 | D:4      | Reached XP level 5. EP: 41/41
  2488 | D:4      | Noticed 4tharraofdagon's ghost (weakling DrWn)
  2497 | D:4      | Killed 4tharraofdagon's ghost
  2748 | D:4      | Found Socsikh's Assorted Antiques.
  2786 | D:4      | Noticed an ogre
  2796 | D:4      | HP: 1/41 [ogre/giant spiked club (6)]
  2797 | D:4      | Mangled by an ogre

Action                   |  1- 3 |  4- 6 || total
-------------------------+-------+-------++-------
Melee: Mace              |   125 |       ||   125
       Flail             |    33 |    81 ||   114
  Use: Scroll            |     2 |       ||     2
